AoeStats
← Tsimentopoulos

Black Forest

509615284Analyzed
3v3 RM · 6d ago on Sep 27, 2026· 79m 55s· 6 players
Game mode
Random Map
Map size
Normal (6 player)
Population
200
Speed
Normal
Resources
Standard
Victory
Conquest
Starting age
Dark Age
Ending age
Imperial Age
RankedLock teamsTeams togetherTeam positionsShared explorationLock speedFull tech treeHidden civsTurbo modeCheats
Victory
Defeat
🇬🇷 Lithuanians · Greece
1081
+14
🇬🇷 Malay · Greece
1068
+15
🇬🇷 Vikings · Greece
1005
+17
🇭🇺 Bohemians · Hungary
1142
-19
🇺🇸 Britons · United States
1051
-16
🇭🇺 Lithuanians · Hungary
924
-11
Hun FaT_Jaguar
1:01 Loom
11:57 Feudal Age
13:47 Horse Collar
17:44 Castle Age
19:10 Double-Bit Axe
30:13 Chemistry
31:19 Wheelbarrow
31:17 Town Watch
35:31 Imperial Age
34:44 Heavy Plow
34:55 Padded Archer Armor
35:07 Forging
36:35 Leather Archer Armor
36:22 Scale Mail Armor
36:58 Conscription
36:46 Wagenburg Tactics
37:11 Hand Cart
36:27 Pikeman
37:08 Squires
37:10 Halberdier
38:28 Iron Casting
37:58 Scale Barding Armor
40:14 Blast Furnace
39:45 Ring Archer Armor
40:38 Chain Mail Armor
41:49 Chain Mail Armor
41:27 Arson
43:49 Siege Engineers
kovtams2
2:11 Loom
15:28 Feudal Age
16:01 Horse Collar
25:04 Castle Age
26:39 Gold Mining
26:53 Heavy Plow
32:17 Double-Bit Axe
32:53 Stone Mining
34:29 Forging
35:03 Bow Saw
35:10 Scale Barding Armor
37:19 Wheelbarrow
40:43 Imperial Age
38:32 Hand Cart
38:47 Bloodlines
39:12 Town Watch
39:41 Husbandry
41:26 Cavalier
43:23 Town Patrol
45:29 Iron Casting
45:15 Chain Barding Armor
45:14 Paladin
50:04 Tower Shields
50:07 Elite Skirmisher
50:53 Thumb Ring
52:28 Two-Man Saw
57:46 Ballistics
58:12 Fletching
58:22 Padded Archer Armor
58:53 Bodkin Arrow
ThrobbinWood
1:13 Loom
1:15 Loom
15:13 Feudal Age
19:36 Castle Age
17:27 Double-Bit Axe
19:14 Gold Mining
19:50 Town Watch
22:41 Bow Saw
25:39 Horse Collar
27:17 Pikeman
28:39 Gold Mining
29:58 Fletching
30:08 Padded Archer Armor
32:00 Wheelbarrow
32:39 Gold Shaft Mining
34:18 Heavy Plow
34:33 Masonry
34:53 Bodkin Arrow
36:23 Squires
39:54 Imperial Age
38:07 Ballistics
37:28 Treadmill Crane
38:20 Yeomen
38:22 Forging
38:13 Scale Mail Armor
38:31 Leather Archer Armor
38:20 Scale Mail Armor
38:28 Arson
39:58 Fortified Wall
39:44 Murder Holes
40:47 Hand Cart
40:36 Bracer
40:59 Conscription
42:07 Chemistry
41:01 Halberdier
41:32 Capped Ram
43:34 Guilds
44:19 Ring Archer Armor
44:16 Town Patrol
44:55 Architecture
44:03 Elite Longbowman
49:42 Chain Mail Armor
50:03 Iron Casting
57:52 Caravan
59:12 Plate Mail Armor
59:43 Blast Furnace
61:36 Two-Man Saw
73:27 Architecture
73:03 Siege Engineers
Fly Lo
2:14 Loom
13:02 Feudal Age
17:10 Castle Age
15:35 Horse Collar
17:03 Double-Bit Axe
20:46 Bow Saw
20:43 Heavy Plow
21:46 Wheelbarrow
23:55 Hand Cart
26:02 Pikeman
26:48 Husbandry
27:00 Bloodlines
30:21 Squires
32:55 Caravan
33:25 Stone Mining
33:27 Gold Mining
38:56 Imperial Age
37:01 Forging
36:57 Scale Barding Armor
36:52 Scale Mail Armor
39:03 Iron Casting
38:49 Chain Barding Armor
38:58 Cavalier
39:55 Chain Mail Armor
39:22 Capped Ram
41:32 Tower Shields
41:52 Conscription
41:15 Onager
41:32 Paladin
42:50 Plate Barding Armor
51:19 Halberdier
dripped fly lo
11:16 Feudal Age
15:56 Castle Age
14:45 Double-Bit Axe
16:48 Bow Saw
16:46 Horse Collar
17:57 Heavy Plow
19:13 Squires
21:31 Scale Mail Armor
22:21 Man-at-Arms
25:16 Long Swordsman
26:43 Loom
27:27 Gold Mining
27:28 Stone Mining
30:15 Chain Mail Armor
30:10 Forging
29:52 Fletching
34:06 Gold Shaft Mining
36:22 Iron Casting
37:13 Ballistics
37:09 Padded Archer Armor
37:04 Bodkin Arrow
39:48 Imperial Age
37:41 Chieftains
38:10 Leather Archer Armor
40:01 Caravan
39:50 Two-Handed Swordsman
40:14 Elite Skirmisher
41:05 Champion
45:47 Bogsveigar
50:07 Chemistry
50:13 Blast Furnace
49:44 Plate Mail Armor
49:15 Bracer
49:45 Ring Archer Armor
62:00 Elite Berserk
67:43 Coinage
Tsimentopoulos
1:03 Loom
14:19 Feudal Age
18:24 Castle Age
26:31 Double-Bit Axe
26:30 Horse Collar
30:36 Bow Saw
34:09 Wheelbarrow
36:31 Imperial Age
34:51 Heavy Plow
36:12 Hand Cart
36:30 Crop Rotation
37:12 Stone Mining
37:12 Gold Mining
38:43 Gold Shaft Mining
38:43 Stone Shaft Mining
38:42 Padded Archer Armor
39:48 Elite Skirmisher
40:55 Thumb Ring
40:41 Crossbowman
44:13 Leather Archer Armor
43:48 Fletching
44:13 Leather Archer Armor
43:48 Fletching
43:51 Arbalester
46:07 Chemistry
45:28 Ballistics
45:30 Bodkin Arrow
46:26 Ring Archer Armor
51:33 Bracer
51:42 Siege Engineers
58:59 Caravan
63:59 Coinage
65:13 Banking
Connection lost

Rejoining the realm…

Still unreachable

The connection could not be restored.

Session expired

The server has moved on; the page needs a fresh start.